 Dungeon Crawl Stone Soup version 0.29.0-5-ge4962eb29e (webtiles) character file.

Game seed: 15585638259168675714

2626 nickcage the Frost Mage (level 9, -19/45 HPs)
             Began as a Deep Elf Ice Elementalist on Aug 29, 2022.
             Was an Initiate of Vehumet.
             Killed from afar by an acid dragon (33 damage)
             ... with a splash of acid
             ... on level 8 of the Dungeon.
             The game lasted 00:23:31 (8256 turns).

nickcage the Frost Mage (Deep Elf Ice Elementalist) Turns: 8256, Time: 00:23:32

Health: -19/45     AC:  4    Str: 11    XL:     9   Next: 34%
Magic:  16/17      EV: 12    Int: 25    God:    Vehumet [......]
Gold:   79         SH:  0    Dex: 15    Spells: 5/16 levels left

rFire   + . .      SeeInvis .   k - +0 rapier
rCold   + . .      Faith    .   (no shield)
rNeg    . . .      Spirit   .   a - +0 robe
rPois   .          Reflect  .   (no helmet)
rElec   .          Harm     .   v - +0 cloak
rCorr   .          Rampage  .   (no gloves)
Will    .....                   D - +0 pair of boots
Stlth   ++........              C - amulet of magic regeneration
HPRegen 0.15/turn               m - ring of Dishonesty {rF+ rC+}
MPRegen 0.55/turn               q - +6 ring of strength

@: no status effects
A: no striking features
a: Renounce Religion


You were on level 8 of the Dungeon.
You worshipped Vehumet.
Vehumet was noncommittal.
You visited 2 branches of the dungeon, and saw 9 of its levels.

You collected 467 gold pieces.
You spent 388 gold pieces at shops.

Inventory:

Hand Weapons
 e - a +0 dagger
 k - a +0 rapier (weapon)
 r - a +1 dagger of venom
Armour
 a - a +0 robe (worn)
 t - a +1 plate armour of poison resistance
 v - a +0 cloak (worn)
 D - a +0 pair of boots (worn)
Magical Staves
 d - a staff of fire
Jewellery
 l - an amulet of regeneration
 m - the ring of Dishonesty (left hand) {rF+ rC+}
   (You found it on level 4 of the Dungeon)

   [ring of protection from cold]

   rF:        It protects you from fire.
   rC:        It protects you from cold.
 q - a +6 ring of strength (right hand)
 C - an amulet of magic regeneration (around neck)
Wands
 u - a wand of digging (5)
 w - a wand of mindburst (9)
Scrolls
 c - a scroll of butterflies
 g - a scroll of fear
 j - 2 scrolls of blinking
 n - 3 scrolls of teleportation
 p - 7 scrolls of identify
 s - a scroll of enchant armour {unknown}
 x - a scroll of poison {unknown}
 y - a scroll of amnesia {unknown}
 F - a scroll of magic mapping
Potions
 b - a potion of magic
 f - a potion of berserk rage
 h - a potion of might
 i - 5 potions of curing
 o - 2 potions of attraction
 z - a potion of resistance {unknown}
 A - a potion of mutation {unknown}
 B - a potion of haste {unknown}
 E - a potion of heal wounds


   Skills:
 - Level 2.4 Dodging
 - Level 2.4 Stealth
 - Level 4.0 Spellcasting
 - Level 1.0 Conjurations
 + Level 14.2 Ice Magic


You had 5 spell levels left.
You knew the following spells:

 Your Spells              Type           Power      Damage    Failure   Level
a - Freeze                Ice            100%       1d11      1%          1
b - Frozen Ramparts       Ice            100%       1d16      1%          3
c - Ozocubu's Armour      Ice            66%        N/A       1%          3
d - Hailstorm             Conj/Ice       43%        3d10      4%          4

Your spell library contained the following spells:

 Spells                   Type           Power      Damage    Failure   Level
 Apportation              Tloc           10%        N/A       9%          1
 Alistair's Intoxication  Tmut/Pois      3%         N/A       94%         5


Dungeon Overview and Level Annotations

Branches:
Dungeon (8/15)             Temple (1/1) D:6
   Lair: D:8-11

Altars:
Ashenzari
Cheibriados
Dithmenos
Fedhas
Gozag
Hepliaklqana
Kikubaaqudgha
Makhleb
Nemelex Xobeh
Okawaru
Qazlal
Ru
Trog
Vehumet
Wu Jian
Xom
Yredelemnul
Zin
The Shining One

Shops:
D:3 ([[*   D:7 [

Annotations:
D:4 3 runed translucent doors, ProzacElf's ghost, amateur GnHW; angelusfrater's ghost, amateur TrFi; apoch's ghost, amateur MfFi; hgbash's ghost, amateur SpCj


Message History

a +2 vorpal mace; 3 boomerangs; a +0 ring mail
F - a scroll of magic mapping You see here a +0 morningstar.
Found 5 poisoned darts.
You see here 5 poisoned darts.
Found a scroll of vulnerability.
No target in view!
An acid dragon comes into view.
The acid dragon roars!
The acid dragon bites you.
The acid dragon claws you but does no damage.
You see here a scroll of vulnerability.
You hit the acid dragon.
The acid dragon is lightly wounded.
The acid dragon bites you but does no damage.
The acid dragon closely misses you.
You freeze the acid dragon.
The acid dragon is moderately wounded.
The acid dragon spits acid at you. The splash of acid hits you!!
Ouch! That really hurt!
You hear a shout!
You are too injured to fight recklessly!
You are too injured to fight recklessly!
Aiming: Freeze (safe; 1% risk of failure)
Press: ? - help, Q - select action, (/) - cycle Shift-Dir - straight line, f/p - acid dragon
Aim: an acid dragon (moderately wounded, catching its breath)
You freeze the acid dragon.
The acid dragon is heavily wounded.
The acid dragon bites you.
The acid dragon claws you but does no damage.
Aiming: Freeze (safe; 1% risk of failure)
Press: ? - help, Q - select action, (/) - cycle Shift-Dir - straight line, f/p - acid dragon
Aim: an acid dragon (heavily wounded)
You freeze the acid dragon.
The acid dragon is severely wounded.
The acid dragon spits acid at you. The splash of acid hits you!!
Ouch! That really hurt!
You die...

#.##.#.....###.#.#
#.############.#.#
#..........(.....#
##############.###
#..........##.#
###.............#
.....$........###
..............#
......D@.....##
.............#
.............#
.............#
.............#
.............#
####...........
#...........


You could see an acid dragon (catching breath).

Vanquished Creatures
  4 yaks (D:6)
  A water moccasin (D:4)
  A black bear (D:7)
  2 orc warriors (D:6)
  2 ogres
  3 centaurs
  3 kobold brigands
  3 scorpions
  2 howler monkeys (D:7)
  2 hounds
  4 jellies
  6 orc priests
  Crazy Yiuf (D:6)
  3 iguanas
  3 orc wizards
  4 gnolls (D:5)
  5 adders
  2 ufetubi
  2 worms
  4 dart slugs
  27 orcs
  2 bats (D:3)
  5 endoplasms
  A giant cockroach (D:4)
  9 goblins
  4 hobgoblins
  9 jackals
  4 quokkas
  11 ball pythons
  3 frilled lizards
  17 kobolds
  4 rats
153 creatures vanquished.

Vanquished Creatures (others)
  5 dream sheep (D:3)
5 creatures vanquished.

Grand Total: 158 creatures vanquished

Notes
Turn   | Place    | Note
-------+----------+-------------------------------------------
     0 | D:1      | nickcage the Deep Elf Ice Elementalist began the quest for
                  | the Orb.
     0 | D:1      | Reached XP level 1. HP: 10/10 MP: 6/6
   675 | D:1      | Reached XP level 2. HP: 15/15 MP: 6/8
   956 | D:1      | Reached skill level 5 in Ice Magic
  1495 | D:2      | Found a faded altar of an unknown god.
  1638 | D:2      | Reached XP level 3. HP: 15/19 MP: 7/10
  1642 | D:2      | Learned a level 3 spell: Frozen Ramparts
  1646 | D:2      | Learned a level 3 spell: Ozocubu's Armour
  2280 | D:3      | Identified the +11 mace of Ypoow {antimagic, rPois}
  2345 | D:3      | Reached XP level 4. HP: 24/24 MP: 3/12
  2515 | D:3      | Found Qelec's Armour Shoppe.
  2571 | D:3      | Found a bloodstained altar of Trog.
  2649 | D:3      | Noticed a dream sheep
  2649 | D:3      | Noticed a dream sheep
  2649 | D:3      | Noticed a dream sheep
  2649 | D:3      | Noticed a dream sheep
  2649 | D:3      | Noticed a dream sheep
  2649 | D:3      | Found a shimmering altar of Xom.
  2653 | D:3      | Killed a dream sheep
  2653 | D:3      | Killed a dream sheep
  2653 | D:3      | Killed a dream sheep
  2654 | D:3      | Killed a dream sheep
  2654 | D:3      | Killed a dream sheep
  2669 | D:3      | Found Aruo's Armour Boutique.
  2716 | D:3      | Found Puedeob's General Store.
  3004 | D:3      | Found Dymicvuf's Antique Weapon Boutique.
  3053 | D:3      | Found Xeoskevi's Antique Armour Emporium.
  3294 | D:4      | Reached skill level 6 in Ice Magic
  3569 | D:4      | Noticed a water moccasin
  3659 | D:4      | Identified the ring of Dishonesty {rF+ rC+}
  3744 | D:4      | Reached XP level 5. HP: 28/28 MP: 6/13
  3937 | D:4      | Found a runed translucent gate.
  3937 | D:4      | Found a runed translucent gate.
  3938 | D:4      | Found a runed translucent gate.
  3939 | D:4      | Noticed angelusfrater's ghost (amateur TrFi)
  3939 | D:4      | Noticed apoch's ghost (amateur MfFi)
  3940 | D:4      | Noticed ProzacElf's ghost (amateur GnHW)
  3940 | D:4      | Noticed hgbash's ghost (amateur SpCj)
  4036 | D:4      | Reached skill level 7 in Ice Magic
  4159 | D:4      | Reached XP level 6. HP: 11/32 MP: 8/14
  4254 | D:4      | Reached skill level 8 in Ice Magic
  4499 | D:4      | Killed a water moccasin
  4732 | D:5      | Entered Level 5 of the Dungeon
  4768 | D:5      | Reached skill level 9 in Ice Magic
  4768 | D:5      | Reached XP level 7. HP: 9/36 MP: 7/15
  5039 | D:5      | Learned a level 4 spell: Hailstorm
  5257 | D:5      | Reached skill level 10 in Ice Magic
  5648 | D:6      | Found a staircase to the Ecumenical Temple.
  5691 | D:6      | Reached XP level 8. HP: 12/41 MP: 1/16
  5798 | Temple   | Entered the Ecumenical Temple
  6051 | D:6      | Reached skill level 11 in Ice Magic
  6315 | D:6      | Reached skill level 12 in Ice Magic
  6320 | D:6      | Reached skill level 13 in Ice Magic
  6488 | D:6      | Found a hazy altar of Hepliaklqana.
  6523 | D:6      | Reached XP level 9. HP: 41/45 MP: 17/17
  6808 | D:6      | Found a runed translucent door.
  6809 | D:6      | Noticed Crazy Yiuf
  6821 | D:6      | Killed Crazy Yiuf
  6988 | D:6      | Found a stormy altar of Qazlal.
  6993 | D:6      | Found a radiant altar of Vehumet.
  7000 | D:6      | Reached skill level 1 in Conjurations
  7005 | D:6      | Became a worshipper of Vehumet
  7041 | D:6      | Found a sparkling altar of Nemelex Xobeh.
  7589 | D:3      | Bought an amulet of magic regeneration for 330 gold pieces
  7788 | D:7      | Reached skill level 14 in Ice Magic
  7913 | D:7      | Found Oschurahu's Armour Shoppe.
  7934 | D:7      | Bought a +0 pair of boots for 58 gold pieces
  8256 | D:8      | Killed from afar by an acid dragon

Illustrated notes

Levels and vault maps discovered:
D:1:      grunt_arrival_crossed_arrows, layout_basic
D:2:      layout_loops_ring, chequers_ecumenical_altar_simple
D:3:      minmay_spotlight, layout_loops_corners, kb_xom_exploding_sheep,
          nicolae_overflow_crystal_walls, serial_shops,
          nicolae_shop_hallway_plus, shop, nicolae_shop_behind_doors,
          nicolae_shop_behind_doors, shop, minmay_strange_pillars
D:4:      minmay_octagon_keep, layout_basic, gammafunk_ghost_cemetery
D:5:      layout_loops_ring, kennysheep_potato
D:6:      layout_cave_pools, lemuel_crystal_altar,
          minmay_overflow_temple_star_quad, minmay_temple_entry_proselytizer,
          uniq_crazy_yiuf_cottage
D:7:      layout_rooms, serial_shops, shop_fountains, kennysheep_generic_room_10
D:8:      layout_basic, erik_lair_orcish_takeover, uniq_joseph
Temple:   nicolae_temple_bog_church

Skill      XL: |  1  2  3  4  5  6  7  8  9 |
---------------+----------------------------+-----
Ice Magic      | 5 6 7 9 10 13 14 | 14.2
Spellcasting   | 4 |  4.0
Conjurations   | 1 |  1.0
Dodging        | |  2.4
Stealth        | |  2.4

Action                   |  1- 3 |  4- 6 |  7- 9 || total
-------------------------+-------+-------+-------++-------
Melee: Dagger            |    29 |     5 |       ||    34
       Rapier            |       |    38 |    46 ||    84
       Punch             |       |       |     1 ||     1
 Cast: Freeze            |    45 |    41 |    79 ||   165
       Frozen Ramparts   |     1 |     8 |    18 ||    27
       Ozocubu's Armour  |       |     4 |    13 ||    17
       Hailstorm         |       |       |    11 ||    11
  Use: Scroll            |     7 |     4 |       ||    11
       Potion            |       |     1 |       ||     1
 Stab: Sleeping          |     5 |     2 |     3 ||    10
Armor: Robe              |     8 |     6 |    32 ||    46
Dodge: Dodged            |    24 |    50 |    60 ||   134
